PA
SYRACUSE STORM @ MANCELONA TORCH
08/06/2020
 
TOP OF THE 1ST
Syracuse Storm batting - Pitching for Mancelona Torch : RHP Jim Unknown
Pitching: RHP Jim Unknown
Batting: RHB Pedro Santos 0-0: Called Strike
0-1: Called Strike
0-2: Strikes out swinging
Batting: RHB Dave Ash 0-0: Ball
1-0: Bunted foul
1-1: Ball
2-1: Ball
3-1: Base on Balls
Batting: RHB Scotty Anderson 0-0: Called Strike
Dave Ash is caught stealing 2nd base
0-1: Ball
1-1: Called Strike
1-2: Ball
2-2: Ball
3-2: Strikes out swinging
Top of the 1st over - 0 run(s), 0 hit(s), 0 error(s), 0 left on base; Syracuse 0 - Mancelona 0
BOTTOM OF THE 1ST
Mancelona Torch batting - Pitching for Syracuse Storm : RHP Robbie Baxter
Pitching: RHP Robbie Baxter
Batting: RHB Mark Davis 0-0: Foul Ball, location: 2F
0-1: Ball
1-1: Foul Ball, location: 2F
1-2: Foul Ball, location: 2F
1-2: Ball
2-2: Foul Ball, location: 2F
2-2: Foul Ball, location: 2F
2-2: Fly out, F8 (Flyball, 8LM)
Batting: RHB Jim Unknown 0-0: Called Strike
0-1: Foul Ball, location: 2F
0-2: Ball
1-2: Foul Ball, location: 2F
1-2: Ball
2-2: Foul Ball, location: 2F
2-2: Foul Ball, location: 2F
2-2: Foul Ball, location: 2F
2-2: Ball
3-2: Base on Balls
Batting: LHB Harrison Jones 0-0: Swinging Strike
0-1: Swinging Strike
0-2: Foul Ball, location: 2F
0-2: Ball
1-2: Ball
2-2: Ball
3-2: Fielders Choice at 2nd, 2-6 (Groundball, 2R)
Batting: RHB Jim Unknown 0-0: Called Strike
Harrison Jones steals 2nd base
0-1: Called Strike
0-2: SINGLE (Groundball, 6MD)
Harrison Jones to third
Runner from 3rd tries for Home, SAFE, no throw or cutoff
Batting: RHB Jim Unknown 0-0: Ball
Jim Unknown steals 2nd base
1-0: Called Strike
1-1: Foul Ball, location: 2F
1-2: Ground out 5-3 (Groundball, 5L)
Bottom of the 1st over - 1 run(s), 1 hit(s), 0 error(s), 1 left on base; Syracuse 0 - Mancelona 1
TOP OF THE 2ND
Syracuse Storm batting - Pitching for Mancelona Torch : RHP Jim Unknown
Batting: LHB Mario Ramos 0-0: SINGLE (Line Drive, 5D)
Batting: SHB Arnold Cramer 0-0: Ball
1-0: Foul Ball, location: 2F
1-1: Called Strike
1-2: Strikes out looking
Batting: RHB Juan Salinas 0-0: Foul Ball, location: 2F
0-1: Foul Ball, location: 2F
0-2: Ball
1-2: Ball
2-2: Strikes out swinging
Batting: RHB Jorge López 0-0: Ground out 1-3 (Groundball, 13S)
Top of the 2nd over - 0 run(s), 1 hit(s), 0 error(s), 1 left on base; Syracuse 0 - Mancelona 1
BOTTOM OF THE 2ND
Mancelona Torch batting - Pitching for Syracuse Storm : RHP Robbie Baxter
Batting: RHB Jim Unknown 0-0: Ball
1-0: Called Strike
1-1: Ground out 4-3 (Groundball, 4)
Batting: RHB Lorenzo Sabastro 0-0: Called Strike
0-1: Ball
1-1: Ball
2-1: Called Strike
2-2: Foul Ball, location: 2F
2-2: Strikes out swinging
Batting: RHB Jim Unknown 0-0: Ball
1-0: Foul Ball, location: 2F
1-1: Foul Ball, location: 2F
1-2: Ball
2-2: Strikes out swinging
Bottom of the 2nd over - 0 run(s), 0 hit(s), 0 error(s), 0 left on base; Syracuse 0 - Mancelona 1
TOP OF THE 3RD
Syracuse Storm batting - Pitching for Mancelona Torch : RHP Jim Unknown
Batting: LHB Joaquín Rangel 0-0: Ground out 4-3 (Groundball, 34)
Batting: RHB Carlos Maldonado 0-0: Fly out, F4 (Popup, 4D)
Batting: RHB Pedro Santos 0-0: Called Strike
0-1: Ground out 3-1 (Groundball, 34)
Top of the 3rd over - 0 run(s), 0 hit(s), 0 error(s), 0 left on base; Syracuse 0 - Mancelona 1
BOTTOM OF THE 3RD
Mancelona Torch batting - Pitching for Syracuse Storm : RHP Robbie Baxter
Batting: RHB Jim Unknown 0-0: Called Strike
0-1: Swinging Strike
0-2: Ball
1-2: Hit by Pitch
Batting: RHB Mark Davis 0-0: Called Strike
0-1: Ball
1-1: Ball
2-1: Ball
3-1: Base on Balls
Jim Unknown to second
Batting: RHB Jim Unknown 0-0: Ball
1-0: Called Strike
1-1: SINGLE (Line Drive, 78S)
Jim Unknown to third
Mark Davis to second
Batting: LHB Harrison Jones 0-0: Ball
1-0: Grounds into double play, 6-4-3 (Groundball, 6M)
Jim Unknown scores
Mark Davis to third
Batting: RHB Jim Unknown 0-0: Ball
1-0: Ball
Wild Pitch!
Mark Davis scores
2-0: Ball
3-0: Called Strike
3-1: Fly out, F5 (Popup, 5S)
Bottom of the 3rd over - 2 run(s), 1 hit(s), 0 error(s), 0 left on base; Syracuse 0 - Mancelona 3
TOP OF THE 4TH
Syracuse Storm batting - Pitching for Mancelona Torch : RHP Jim Unknown
Batting: RHB Dave Ash 0-0: Swinging Strike
0-1: Ball
1-1: SINGLE (Groundball, 4MD)
Batting: RHB Scotty Anderson 0-0: Ball
1-0: Ball
Dave Ash steals 2nd base
2-0: 2-RUN HOME RUN (Flyball, 78XD) (Inside the Park)
Batting: LHB Mario Ramos 0-0: Ball
1-0: Ball
2-0: Ground out U3 (Groundball, 3L)
Batting: SHB Arnold Cramer 0-0: Foul Ball, location: 2F
0-1: Ground out 2-3 (Groundball, 23)
Batting: RHB Juan Salinas 0-0: Ball
1-0: Ball
2-0: Fly out, F9 (Flyball, 9LM)
Top of the 4th over - 2 run(s), 2 hit(s), 0 error(s), 0 left on base; Syracuse 2 - Mancelona 3
BOTTOM OF THE 4TH
Mancelona Torch batting - Pitching for Syracuse Storm : RHP Robbie Baxter
Batting: RHB Jim Unknown 0-0: Ball
1-0: Called Strike
1-1: Ground out 5-3 (Groundball, 56)
Batting: RHB Jim Unknown 0-0: Foul Ball, location: 2F
0-1: Ball
1-1: Swinging Strike
1-2: Ball
2-2: Foul Ball, location: 2F
2-2: Foul Ball, location: 2F
2-2: Reached on error, E6 (Groundball, 6M)
Batting: RHB Lorenzo Sabastro 0-0: Ball
1-0: Ball
2-0: Ball
3-0: Ground out 6-3 (Groundball, 6)
Batting: RHB Jim Unknown 0-0: Fly out, F2 (Popup, 23F)
Bottom of the 4th over - 0 run(s), 0 hit(s), 1 error(s), 1 left on base; Syracuse 2 - Mancelona 3
TOP OF THE 5TH
Syracuse Storm batting - Pitching for Mancelona Torch : RHP Jim Unknown
Batting: RHB Jorge López 0-0: Called Strike
0-1: Ball
1-1: Ball
2-1: Swinging Strike
2-2: Strikes out swinging
Batting: LHB Joaquín Rangel 0-0: Ball
1-0: Called Strike
1-1: Ground out 4-3 (Groundball, 4)
Batting: RHB Carlos Maldonado 0-0: Ball
1-0: Foul Ball, location: 2F
1-1: Ball
2-1: Called Strike
2-2: Strikes out swinging
Top of the 5th over - 0 run(s), 0 hit(s), 0 error(s), 0 left on base; Syracuse 2 - Mancelona 3
BOTTOM OF THE 5TH
Mancelona Torch batting - Pitching for Syracuse Storm : RHP Robbie Baxter
Batting: RHB Jim Unknown 0-0: Ball
1-0: Foul Ball, location: 2F
1-1: Ball
2-1: Ball
3-1: Ground out 5-3 (Groundball, 56S)
Batting: RHB Mark Davis 0-0: Called Strike
0-1: Ball
1-1: Foul Ball, location: 2F
1-2: Strikes out swinging
Batting: RHB Jim Unknown 0-0: Foul Ball, location: 2F
0-1: Foul Ball, location: 2F
0-2: Ball
1-2: Ball
2-2: Hit by Pitch
Batting: LHB Harrison Jones 0-0: Foul Ball, location: 2F
0-1: Foul Ball, location: 2F
0-2: Foul Ball, location: 2F
0-2: Ball
1-2: Ball
2-2: SINGLE (Line Drive, 34)
Jim Unknown to second
Runner from 2nd tries for 3rd, SAFE, throw made to third
Batting: RHB Jim Unknown 0-0: Swinging Strike
0-1: Ball
1-1: Swinging Strike
1-2: Ball
2-2: Ball
3-2: Fly out, F5 (Line Drive, 5)
Bottom of the 5th over - 0 run(s), 1 hit(s), 0 error(s), 2 left on base; Syracuse 2 - Mancelona 3
TOP OF THE 6TH
Syracuse Storm batting - Pitching for Mancelona Torch : RHP Jim Unknown
Batting: RHB Pedro Santos 0-0: SINGLE (Line Drive, 9S)
Batting: RHB Dave Ash 0-0: Ball
1-0: Sac Bunt - play at first, batter OUT! 2-4
Pedro Santos to second
Batting: RHB Scotty Anderson 0-0: Called Strike
0-1: Swinging Strike
0-2: Strikes out swinging
Batting: LHB Mario Ramos 0-0: Called Strike
0-1: Ball
1-1: Ball
2-1: Ball
3-1: Base on Balls
Batting: SHB Arnold Cramer 0-0: Ball
1-0: SINGLE (Groundball, 4M) (infield hit)
Pedro Santos to third
Mario Ramos to second
Batting: RHB Juan Salinas 0-0: Ball
1-0: SINGLE (Line Drive, 89S)
Pedro Santos scores
Mario Ramos to third
Arnold Cramer to second
Batting: RHB Jorge López 0-0: Foul Ball, location: 2F
0-1: Ball
1-1: Called Strike
1-2: Ball
2-2: Foul Ball, location: 2F
2-2: Fly out, F8 (Flyball, 89S)
Top of the 6th over - 1 run(s), 3 hit(s), 0 error(s), 3 left on base; Syracuse 3 - Mancelona 3
BOTTOM OF THE 6TH
Mancelona Torch batting - Pitching for Syracuse Storm : RHP Robbie Baxter
Batting: RHB Jim Unknown 0-0: Fly out, F2 (Popup, 2LF)
Batting: RHB Jim Unknown 0-0: Ball
1-0: Foul Ball, location: 2F
1-1: Ball
2-1: Foul Ball, location: 2F
2-2: Foul Ball, location: 2F
2-2: Strikes out swinging
Batting: RHB Lorenzo Sabastro 0-0: Called Strike
0-1: Swinging Strike
0-2: Ball
1-2: Foul Ball, location: 2F
1-2: Ground out 6-3 (Groundball, 6)
Bottom of the 6th over - 0 run(s), 0 hit(s), 0 error(s), 0 left on base; Syracuse 3 - Mancelona 3
TOP OF THE 7TH
Syracuse Storm batting - Pitching for Mancelona Torch : RHP Jim Unknown
Batting: LHB Joaquín Rangel 0-0: Foul Ball, location: 2F
0-1: Swinging Strike
0-2: Ball
1-2: Ground out U3 (Groundball, 3S)
Batting: RHB Carlos Maldonado 0-0: Ball
1-0: Ground out 5-3 (Groundball, 6)
Batting: RHB Pedro Santos 0-0: Ball
1-0: Ball
2-0: Called Strike
2-1: Swinging Strike
2-2: Foul Ball, location: 2F
2-2: Strikes out swinging
Top of the 7th over - 0 run(s), 0 hit(s), 0 error(s), 0 left on base; Syracuse 3 - Mancelona 3
BOTTOM OF THE 7TH
Mancelona Torch batting - Pitching for Syracuse Storm : RHP Robbie Baxter
Batting: RHB Jim Unknown 0-0: Called Strike
0-1: Ball
1-1: Foul Ball, location: 2F
1-2: Foul Ball, location: 2F
1-2: Strikes out swinging
Batting: RHB Jim Unknown 0-0: Ball
1-0: Foul Ball, location: 2F
1-1: Ball
2-1: Ball
3-1: Fly out, F9 (Flyball, 89M)
Batting: RHB Mark Davis 0-0: Ground out 5-3 (Groundball, 56S)
Bottom of the 7th over - 0 run(s), 0 hit(s), 0 error(s), 0 left on base; Syracuse 3 - Mancelona 3
TOP OF THE 8TH
Syracuse Storm batting - Pitching for Mancelona Torch : RHP Jim Unknown
Batting: RHB Dave Ash 0-0: Foul Ball, location: 2F
0-1: Fly out, F8 (Line Drive, 8LM)
Batting: RHB Scotty Anderson 0-0: Swinging Strike
0-1: Foul Ball, location: 2F
0-2: Ball
1-2: Foul Ball, location: 2F
1-2: Ball
2-2: Foul Ball, location: 2F
2-2: Strikes out swinging
Batting: LHB Mario Ramos 0-0: Swinging Strike
0-1: Ball
1-1: Called Strike
1-2: Strikes out swinging
Top of the 8th over - 0 run(s), 0 hit(s), 0 error(s), 0 left on base; Syracuse 3 - Mancelona 3
BOTTOM OF THE 8TH
Mancelona Torch batting - Pitching for Syracuse Storm : RHP Robbie Baxter
Pitching: RHP Jim Unknown
Batting: RHB Jim Unknown 0-0: Called Strike
0-1: Ball
1-1: Foul Ball, location: 2F
1-2: Ball
2-2: Ball
3-2: Foul Ball, location: 2F
3-2: Foul Ball, location: 2F
3-2: Strikes out swinging
Batting: LHB Harrison Jones 0-0: Foul Ball, location: 2F
0-1: Swinging Strike
0-2: Ball
1-2: Ball
2-2: Strikes out swinging
Batting: RHB Jim Unknown 0-0: Foul Ball, location: 2F
0-1: Ground out 4-3 (Groundball, 34)
Bottom of the 8th over - 0 run(s), 0 hit(s), 0 error(s), 0 left on base; Syracuse 3 - Mancelona 3
TOP OF THE 9TH
Syracuse Storm batting - Pitching for Mancelona Torch : RHP Jim Unknown
Pitching: RHP Jim Unknown
Pinch Hitting: RHB Stewart Ralston 0-0: Called Strike
0-1: Foul Ball, location: 2F
0-2: Ball
1-2: Ball
2-2: Foul Ball, location: 2F
2-2: Foul Ball, location: 2F
2-2: Fly out, F6 (Popup, 56D)
Pinch Hitting: LHB Ramón Rivera 0-0: Ball
1-0: Foul Ball, location: 2F
1-1: Ball
2-1: Foul Ball, location: 2F
2-2: Ball
3-2: Foul Ball, location: 2F
3-2: SINGLE (Groundball, 4MD) (infield hit)
Pinch Hitting: SHB Pancho De La Rosa 0-0: Ball
1-0: Swinging Strike
1-1: Grounds into double play, 1-4-3 (Groundball, 15)
Top of the 9th over - 0 run(s), 1 hit(s), 0 error(s), 0 left on base; Syracuse 3 - Mancelona 3
BOTTOM OF THE 9TH
Mancelona Torch batting - Pitching for Syracuse Storm : RHP Jim Unknown
Pitching: RHP Jim Unknown
Now at 3B: Christovão Galho
Now at SS: Arturo Mateo
Now in CF: Ramón Rivera
Batting: RHB Jim Unknown 0-0: Foul Ball, location: 2F
0-1: Ball
1-1: Foul Ball, location: 2F
1-2: Ground out 5-3 (Groundball, 56)
Batting: RHB Jim Unknown 0-0: Foul Ball, location: 2F
0-1: Ball
1-1: Fly out, F8 (Flyball, 8LD)
Pinch Hitting: RHB Jim Unknown 0-0: Ball
1-0: Ball
2-0: Foul Ball, location: 2F
2-1: Foul Ball, location: 2F
2-2: Ball
3-2: Foul Ball, location: 2F
3-2: Ground out 5-3 (Groundball, 56)
Bottom of the 9th over - 0 run(s), 0 hit(s), 0 error(s), 0 left on base; Syracuse 3 - Mancelona 3
TOP OF THE 10TH
Syracuse Storm batting - Pitching for Mancelona Torch : RHP Jim Unknown
Now at 1B: Jim Unknown
Batting: LHB Joaquín Rangel 0-0: Ball
1-0: Ground out 4-3 (Groundball, 4M)
Batting: RHB Carlos Maldonado 0-0: Called Strike
0-1: Swinging Strike
0-2: Ball
1-2: Fly out, F9 (Flyball, 9LS)
Batting: RHB Pedro Santos 0-0: Ball
1-0: Swinging Strike
1-1: Ball
2-1: Called Strike
2-2: Foul Ball, location: 2F
2-2: Ball
3-2: Foul Ball, location: 2F
3-2: Strikes out swinging
Top of the 10th over - 0 run(s), 0 hit(s), 0 error(s), 0 left on base; Syracuse 3 - Mancelona 3
BOTTOM OF THE 10TH
Mancelona Torch batting - Pitching for Syracuse Storm : RHP Jim Unknown
Batting: RHB Jim Unknown 0-0: Ball
1-0: Foul Ball, location: 2F
1-1: Ball
2-1: Foul Ball, location: 2F
2-2: Foul Ball, location: 2F
2-2: Ball
3-2: SINGLE (Line Drive, 8LS)
Batting: RHB Jim Unknown 0-0: Ball
1-0: Grounds into double play, 6-4-3 (Groundball, 6)
Batting: RHB Mark Davis 0-0: Ball
1-0: Ball
2-0: Called Strike
2-1: Foul Ball, location: 2F
2-2: Ball
3-2: Fly out, F9 (Flyball, 9M)
Bottom of the 10th over - 0 run(s), 1 hit(s), 0 error(s), 0 left on base; Syracuse 3 - Mancelona 3
TOP OF THE 11TH
Syracuse Storm batting - Pitching for Mancelona Torch : RHP Jim Unknown
Pitching: RHP Jim Unknown
Batting: RHB Dave Ash 0-0: Ball
1-0: Ball
2-0: Bunt for hit - play at first, batter OUT! 1-3
Batting: RHB Scotty Anderson 0-0: SINGLE (Line Drive, 56D)
Batting: LHB Mario Ramos 0-0: Called Strike
0-1: Ball
1-1: Foul Ball, location: 2F
1-2: Grounds into double play, 1-6-3 (Groundball, 13S)
Top of the 11th over - 0 run(s), 1 hit(s), 0 error(s), 0 left on base; Syracuse 3 - Mancelona 3
BOTTOM OF THE 11TH
Mancelona Torch batting - Pitching for Syracuse Storm : RHP Jim Unknown
Pitching: RHP Truman Valentine
Batting: RHB Jim Unknown 0-0: Ball
1-0: Ball
2-0: Swinging Strike
2-1: Called Strike
2-2: Ground out 5-3 (Groundball, 5L)
Batting: LHB Harrison Jones 0-0: Ball
1-0: Ball
2-0: Called Strike
2-1: Fly out, F4 (Line Drive, 4)
Batting: RHB Jim Unknown 0-0: Called Strike
0-1: Ball
1-1: Ball
2-1: Foul Ball, location: 2F
2-2: Strikes out swinging
Bottom of the 11th over - 0 run(s), 0 hit(s), 0 error(s), 0 left on base; Syracuse 3 - Mancelona 3
TOP OF THE 12TH
Syracuse Storm batting - Pitching for Mancelona Torch : RHP Jim Unknown
Batting: RHB Christovão Galho 0-0: Ball
1-0: Foul Ball, location: 2F
1-1: Ball
2-1: Called Strike
2-2: Fly out, F3 (Popup, 3)
Batting: LHB Ramón Rivera 0-0: Swinging Strike
0-1: Foul Ball, location: 2F
0-2: Ball
1-2: Strikes out looking
Pinch Hitting: SHB Ricardo Franco 0-0: Ground out 6-3 (Groundball, 6M)
Top of the 12th over - 0 run(s), 0 hit(s), 0 error(s), 0 left on base; Syracuse 3 - Mancelona 3
BOTTOM OF THE 12TH
Mancelona Torch batting - Pitching for Syracuse Storm : RHP Truman Valentine
Now at SS: Noah Smith
Batting: RHB Jim Unknown 0-0: Ball
1-0: Called Strike
1-1: Foul Ball, location: 2F
1-2: Strikes out looking
Batting: RHB Jim Unknown 0-0: Swinging Strike
0-1: Fly out, F9 (Flyball, 89D)
Batting: RHB Jim Unknown 0-0: Ball
1-0: Ball
2-0: Ball
3-0: Base on Balls
Batting: RHB Jim Unknown 0-0: Called Strike
0-1: Ground out 4-3 (Groundball, 4)
Bottom of the 12th over - 0 run(s), 0 hit(s), 0 error(s), 1 left on base; Syracuse 3 - Mancelona 3
TOP OF THE 13TH
Syracuse Storm batting - Pitching for Mancelona Torch : RHP Jim Unknown
Batting: LHB Joaquín Rangel 0-0: Ground out 4-3 (Groundball, 34)
Batting: RHB Carlos Maldonado 0-0: Swinging Strike
0-1: Ball
1-1: Foul Ball, location: 2F
1-2: Ball
2-2: Strikes out swinging
Batting: RHB Pedro Santos 0-0: Called Strike
0-1: Ball
1-1: Foul Ball, location: 2F
1-2: Ground out 5-3 (Groundball, 56)
Top of the 13th over - 0 run(s), 0 hit(s), 0 error(s), 0 left on base; Syracuse 3 - Mancelona 3
BOTTOM OF THE 13TH
Mancelona Torch batting - Pitching for Syracuse Storm : RHP Truman Valentine
Pitching: RHP Jim Unknown
Batting: RHB Jim Unknown 0-0: Ball
1-0: Foul Ball, location: 2F
1-1: Ball
2-1: Swinging Strike
2-2: Ball
3-2: Foul Ball, location: 2F
3-2: Strikes out swinging
Batting: RHB Mark Davis 0-0: Foul Ball, location: 2F
0-1: Ball
1-1: Ball
2-1: Called Strike
2-2: Fly out, F3 (Popup, 34)
Batting: RHB Jim Unknown 0-0: Foul Ball, location: 2F
0-1: Ball
1-1: Swinging Strike
1-2: Strikes out swinging
Bottom of the 13th over - 0 run(s), 0 hit(s), 0 error(s), 0 left on base; Syracuse 3 - Mancelona 3
TOP OF THE 14TH
Syracuse Storm batting - Pitching for Mancelona Torch : RHP Jim Unknown
Batting: RHB Dave Ash 0-0: Ball
1-0: Bunt for hit - play at first, batter safe!
Batting: RHB Scotty Anderson 0-0: Foul Ball, location: 2F
0-1: Ball
1-1: Ball
2-1: Called Strike
2-2: Ground out 6-3 (Groundball, 6)
Dave Ash to second
Batting: LHB Mario Ramos 0-0: Intentional Walk
Batting: RHB Christovão Galho 0-0: Ball
1-0: Fly out, F8 (Line Drive, 8RM)
Batting: LHB Ramón Rivera 0-0: Ball
1-0: Ball
2-0: Foul Ball, location: 2F
2-1: Ball
3-1: Called Strike
3-2: Base on Balls
Dave Ash to third
Mario Ramos to second
Batting: RHB Noah Smith 0-0: Ball
1-0: Foul Ball, location: 2F
1-1: Ball
2-1: Ball
3-1: Foul Ball, location: 2F
3-2: DOUBLE (Line Drive, 78S)
Dave Ash scores
Mario Ramos scores
Ramón Rivera to third
Ramón Rivera scores
Pitching: LHP Jim Unknown
Batting: LHB Joaquín Rangel 0-0: Ball
1-0: Foul Ball, location: 2F
1-1: Foul Ball, location: 2F
1-2: Strikes out swinging
Top of the 14th over - 3 run(s), 2 hit(s), 0 error(s), 1 left on base; Syracuse 6 - Mancelona 3
BOTTOM OF THE 14TH
Mancelona Torch batting - Pitching for Syracuse Storm : RHP Jim Unknown
Batting: LHB Harrison Jones 0-0: SINGLE (Groundball, 34S)
Batting: RHB Jim Unknown 0-0: Ball
1-0: Ball
2-0: Called Strike
2-1: Ground out 5-3 (Groundball, 5S)
Harrison Jones to second
Batting: RHB Jim Unknown 0-0: Called Strike
0-1: Ground out 3-1 (Groundball, 34S)
Harrison Jones to third
Batting: RHB Jim Unknown 0-0: Ball
1-0: Called Strike
1-1: Foul Ball, location: 2F
1-2: Strikes out swinging
Bottom of the 14th over - 0 run(s), 1 hit(s), 0 error(s), 1 left on base; Syracuse 6 - Mancelona 3
This league is powered by Out of the Park Baseball, the baseball management simulation game for PC, Mac and Linux
Friday, October 23rd, 2015 - OOTP Baseball 16.9 Build 39